 Dungeon Crawl Stone Soup version 0.29.1 (webtiles) character file.

Game seed: 8885227680125794531

83 Icepheonix32 the Trooper (level 4, -2/61 HPs)
             Began as a Minotaur Fighter on Sept 14, 2022.
             Slain by a gnoll
             ... wielding a +0 spear
              (3 damage)
             ... on level 2 of the Dungeon.
             The game lasted 00:01:49 (1269 turns).

Icepheonix32 the Trooper (Minotaur Fighter)         Turns: 1269, Time: 00:01:49

Health: -2/61      AC:  7    Str: 21    XL:     4   Next: 22%
Magic:  3/3        EV:  9    Int: 11    God:
Gold:   117        SH:  0    Dex: 11    Spells: 3/3 levels left

rFire   . . .      SeeInvis .   a - +0 war axe
rCold   . . .      Faith    .   (no shield)
rNeg    . . .      Spirit   .   b - +0 scale mail
rPois   .          Reflect  .   (helmet restricted)
rElec   .          Harm     .   (no cloak)
rCorr   .          Rampage  .   (no gloves)
Will    .....                   (no boots)
Stlth   ..........              (no amulet)
HPRegen 0.20/turn               e - +6 ring of intelligence
MPRegen 0.08/turn               h - ring of flight

@: berserking (expiring), flying, very quick
A: horns 2, retaliatory headbutt
a: no special abilities


You were on level 2 of the Dungeon.
You visited 1 branch of the dungeon, and saw 2 of its levels.

You collected 117 gold pieces.

Inventory:

Hand Weapons
 a - a +0 war axe (weapon)
Armour
 b - a +0 scale mail (worn)
 c - a +0 buckler
Jewellery
 e - a +6 ring of intelligence (left hand)
 h - a ring of flight (right hand)
Scrolls
 f - a scroll of vulnerability {unknown}
 j - a scroll of identify {unknown}
 k - a scroll of poison {unknown}
Potions
 d - a potion of might
 i - a potion of curing {unknown}
 l - a potion of brilliance {unknown}


   Skills:
 * Level 4.4 Fighting
 + Level 3.6 Axes
 + Level 4.3 Armour
 * Level 0.4 Dodging
 + Level 0.1 Stealth
 + Level 4.0 Shields


You had 3 spell levels left.
You didn't know any spells.
Your spell library was empty.

Dungeon Overview and Level Annotations

Branches:
Dungeon (2/15)

Altars:

Shops:
D:1 =


Innate Abilities, Weirdness & Mutations

You have a pair of horns on your head.
You reflexively headbutt those who attack you in melee.


Message History

The gnoll hits you from afar with a +0 spear.
The gnoll completely misses you. You furiously retaliate!
You headbutt the gnoll!
You are too injured to fight recklessly!
You are too injured to fight recklessly!
You are too injured to fight recklessly!
You are too injured to fight recklessly!
You are too injured to fight recklessly!
You are too injured to fight recklessly!
Unknown command.
The gnoll hits you with a +0 whip.
You see here a +0 short sword.
You see here 3 stones.
It was a potion of berserk rage.
A red film seems to cover your vision as you go berserk!
You feel yourself moving faster!
You feel mighty!
You feel a strong urge to attack something.
The gnoll hits you with a +0 halberd!
* * * LOW HITPOINT WARNING * * *
You hit the gnoll.
The gnoll is heavily wounded.
The gnoll hits you with a +0 halberd!
* * * LOW HITPOINT WARNING * * *
You closely miss the gnoll.
The gnoll is heavily wounded.
The gnoll barely misses you.
You slash the gnoll!
You kill the gnoll!
You have reached level 4!
You feel stronger. The gnoll closely misses you. You furiously retaliate!
You headbutt the gnoll!
You kill the gnoll!
Things that are here:
a +0 halberd; a gnoll corpse Unknown command.
You feel a strong urge to attack something.
The orc hits you with a +0 club.
* * * LOW HITPOINT WARNING * * *
The gnoll hits you from afar with a +0 spear.
You die...

#.# #...#
######.# ##
###.#
.......#...#
#.#
#####......#
#.# #.##...#
#.# # #.# #.##
#.# # #.# .#
#.# # #.# # #)#
#.# #@# ... #o#
### #g# #g#
######.#####
#........g.####
#.########g.o.#
####g# #.#


You could see 2 gnolls and an orc.

Vanquished Creatures
  2 gnolls (D:2)
  3 adders (D:2)
  2 dart slugs
  3 endoplasms
  A giant cockroach (D:1)
  2 goblins
  2 hobgoblins
  4 jackals (D:2)
  3 quokkas (D:2)
  4 bats
  A frilled lizard (D:1)
  2 kobolds (D:1)
  2 rats (D:1)
31 creatures vanquished.

Notes
Turn   | Place    | Note
-------+----------+-------------------------------------------
     0 | D:1      | Icepheonix32 the Minotaur Fighter began the quest for the
                  | Orb.
     0 | D:1      | Reached XP level 1. HP: 19/19 MP: 0/0
   224 | D:1      | Found a faded altar of an unknown god.
   434 | D:1      | Reached XP level 2. HP: 27/27 MP: 1/1
   546 | D:1      | Found Qiatakh's One-of-a-Kind Rings.
   973 | D:2      | Reached XP level 3. HP: 32/33 MP: 2/2
  1265 | D:2      | HP: 1/51 [gnoll/+0 halberd (13)]
  1268 | D:2      | Reached XP level 4. HP: 2/41 MP: 3/3
  1269 | D:2      | Slain by a gnoll

Illustrated notes

Levels and vault maps discovered:
D:1:      dpeg_arrival_water_fire, layout_rooms,
          shapermc_ecumenical_altar_hornbeckon, dk_noncrumbling_4,
          nicolae_shop_unique_rings
D:2:      layout_loops_ring, guppyfry_early_orc_mine

Skill      XL: |  1  2  3 |
---------------+----------+-----
Fighting       | 4 |  4.4
Axes           | 3 |  3.6
Armour         | 4 |  4.3
Shields        | 4 |  4.0
Dodging        | |  0.4
Stealth        | |  0.1

Action                   |  1- 3 |  4- 6 || total
-------------------------+-------+-------++-------
Melee: War axe           |    69 |       ||    69
       Headbutt          |     4 |       ||     4
  Use: Potion            |     1 |       ||     1
Armor: Scale mail        |    32 |       ||    32
Dodge: Dodged            |    38 |     1 ||    39
Block: Buckler           |     8 |       ||     8
